[Event "*** Titled Tuesday Blitz"]
[Site "Chess.com"]
[Date "2021.04.27"]
[Round "6"]
[White "JoliyRoger"]
[Black "ChampStan"]
[Result "0-1"]
[WhiteElo "2385"]
[BlackElo "2127"]
[TimeControl "180+1"]
[EndTime "11:07:23 PDT"]
[Termination "ChampStan won by checkmate"]

1. d4 Nf6 2. c4 e6 3. Nf3 d5 4. cxd5 exd5 5. Nc3 Bd6 6. Bg5 c6 7. e3 O-O 8. Bd3 a5 9. Qc2 h6 10. Bh4 Na6 11. a3 Nc7 12. Bg3 Re8 13. O-O Ne6 14. Rab1 Nh5 15. Bxd6 Qxd6 16. Ne2 Ng5 17. Nxg5 hxg5 18.
b4 axb4 19. axb4 b5 20. Rfc1 Bd7 21. Bf5 Rac8 22. Rb3 g6 23. Bxd7 Qxd7 24. Rc3 Re6 25. Rc5 Nf6 26. Rxb5 Ne4 27. Ra5 Rb8 28. Rb1 Nd6 29. Nc1 Nc4 30. Ra2 f5 31. Nd3 Qd6 32.
Nc5 Re7 33. Ra6 Qc7 34. b5 Rb6 35. Rxb6 Qxb6 36. bxc6 Qxc6 37. Qb3 Kg7 38. g3 Nd2 39. Qb6 Qc8 40. Qd6 Qe8 41. Rb6 Nc4 42. Qc6 Nxb6 43. Qxb6 Qf7 44. Qb2 f4 45. Qd2 fxe3 46. fxe3 Qf3 47.
e4 dxe4 48. d5 e3 49. Qd4+ Kh7 50. Ne4 Rxe4 51. Qa7+ Kh6 52. Qb8 Qf2+ 53. Kh1 Qf1# 0-1

[Event "*** Titled Tuesday Blitz"]
[Site "Chess.com"]
[Date "2021.04.27"]
[Round "6"]
[White "jamalm2"]
[Black "Mazanchenko_Dmitry"]
[Result "1/2-1/2"]
[WhiteElo "2030"]
[BlackElo "2263"]
[TimeControl "180+1"]
[EndTime "11:07:23 PDT"]
[Termination "Game drawn - insufficient material"]

1. e4 c5 2. Nf3 d6 3. d4 Nf6 4.
Nc3 cxd4 5. Nxd4 Nc6 6. Bg5 Qb6 7.
Nb3 e6 8. Bxf6 gxf6 9. Bd3 h5 10. Qe2 Bh6 11. g3 h4 12. f4 a6 13. O-O-O Bd7 14. Kb1 O-O-O 15. Na4 Qc7 16. Qf2 hxg3 17. hxg3 Kb8 18.
Nb6 Bg7 19. Rxh8 Rxh8 20. Nxd7+ Qxd7 21. Be2 Qc7 22. Nd2 f5 23. exf5 Bd4 24. Qf3 d5 25.
Nb3 Bf6 26. fxe6 fxe6 27. f5 Nb4 28. c3 Rc8 29. fxe6 Be5 30. Qf7 Qc6 31. e7 Bxc3 32. bxc3 Qxc3 33. Qg6 Nxa2 34. Kxa2 Qc2+ 35. Qxc2 Rxc2+ 36. Kb1 Rxe2 37. Rxd5 Rxe7 38. Rg5 Re1+ 39. Kc2 Re2+ 40.
Kd3 Rb2 41. Nc5 Kc7 42. Rg7+ Kc6 43. Ne6 Rb3+ 44. Kc4 Ra3 45. Nd8+ Kd6 46. Nxb7+ Ke6 47. Nc5+ Kf5 48. g4+ Kf6 49. Ra7 Ra1 50. Rxa6+ Rxa6 51. Nxa6 Kg5 52. Nc5 Kxg4 1/2-1/2

[Event "*** Titled Tuesday Blitz"]
[Site "Chess.com"]
[Date "2021.04.27"]
[Round "6"]
[White "dretch"]
[Black "Anton_Demchenko"]
[Result "1-0"]
[WhiteElo "2832"]
[BlackElo "2922"]
[TimeControl "180+1"]
[EndTime "11:07:25 PDT"]
[Termination "dretch won by resignation"]

1. d4 Nf6 2. c4 d6 3. Nf3 Nbd7 4. Nc3 e5 5. e4 g6 6. Bd3 Bg7 7. O-O O-O 8. Re1 Re8 9. Bc2 a6 10. Be3 Rb8 11. dxe5 dxe5 12. c5 c6 13. Bb3 Qe7 14. Qd6 Qxd6 15. cxd6 b5 16. Ng5 Rf8 17. a4 b4 18. Na2 h6 19. Nxf7 Rxf7 20. Rac1 c5 21. Bxc5 Nxc5 22. Rxc5 Bf8 23. Rc7 Bd7 24. Rd1 Kg7 25.
Bxf7 Kxf7 26. Nc1 Ke8 27. Rc5 Kd8 28. Rxe5 Bxa4 29. b3 Bc6 30. Nd3 Nxe4 31. Rc1 Bxd6 32. Re6 Bd5 33. Rxg6 Bxb3 34. f3 Bf7 35. Rg7 Ke7 36.
fxe4 b3 37. Rf1 Rf8 38. e5 Ba3 39. Nf4 Ke8 40. e6 Bg8 41. Rb7 b2 42. Rb8+ Ke7 43.
Ng6+ Kxe6 44. Nxf8+ Kd5 45. Ng6 Bh7 46. Nf4+ Kd4 47.
Ne2+ Ke3 48. Rf3+ Kxe2 49. Rxa3 b1=Q+ 50. Rxb1 Bxb1 51. Rxa6 h5 52. Ra5 h4 53. Rh5 h3 54.
Rxh3 Be4 55. Rg3 Bf5 56. h4 Bh7 57. h5 1-0

[Event "*** Titled Tuesday Blitz"]
[Site "Chess.com"]
[Date "2021.04.27"]
[Round "6"]
[White "lagedema"]
[Black "Taktikmonster"]
[Result "1/2-1/2"]
[WhiteElo "2575"]
[BlackElo "2420"]
[TimeControl "180+1"]
[EndTime "11:07:25 PDT"]
[Termination "Game drawn by repetition"]

1. d4 Nf6 2. Bg5 e6 3. e4 c5 4. d5 h6 5. Bxf6 Qxf6 6. Nc3 Be7 7. Nf3 d6 8. Bb5+ Bd7 9. e5 dxe5 10. dxe6 fxe6 11. Bxd7+ Nxd7 12. O-O Rd8 13. Ne4 Qf4 14. Qe2 O-O 15. Rad1 Nf6 16. Nxf6+ Bxf6 17. Nd2 e4 18. c3 e3 19. fxe3 Qa4 20. a3 Qc2 21. Rfe1 Qxb2 22.
Rf1 Bxc3 23. Rxf8+ Rxf8 24. Qd3 Bxd2 25. Rxd2 Qf6 26.
h3 Qe5 27. Qb3 b6 28. Rd7 Rf7 29. Rd8+ Kh7 30. Qd3+ Qf5 31. Qd2 Rc7 32. Qd6 Rf7 33. Qd2 c4 34. Rd4 Rc7 35. Rf4 Qb1+ 36. Rf1 Qd3 37.
Qf2 c3 38. Qf4 Rc4 39. Qf2 c2 40. Rc1 Qc3 41. Kh2 Qb2 42. Qd2 Rc3 43. a4 Qb3 44. h4 Qc4 45. h5 Qd3 46. Qf2 Qxe3 47. Qf7 Qxc1 48. Qg6+ Kg8 49. Qxe6+ Kh7 50. Qe4+ Kg8 51.
Qe8+ Kh7 52. Qg6+ Kg8 53. Qe8+ Kh7 54. Qg6+ Kg8 55. Qe8+ 1/2-1/2

[Event "*** Titled Tuesday Blitz"]
[Site "Chess.com"]
[Date "2021.04.27"]
[Round "6"]
[White "KyrgyzFighter"]
[Black "Bad_left_hook"]
[Result "1-0"]
[WhiteElo "2434"]
[BlackElo "2558"]
[TimeControl "180+1"]
[EndTime "11:07:26 PDT"]
[Termination "KyrgyzFighter won by resignation"]

1. c4 e5 2. Nc3 Nc6 3. g3 g6 4. Bg2 Bg7 5. e3 d6 6. Nge2 h5 7. h4 Bg4 8. O-O Nge7 9. a3 Qd7 10. b4 g5 11. f3 Bh3 12. hxg5 Bxg2 13. Kxg2 Qf5 14.
Ne4 O-O-O 15. Qa4 d5 16. cxd5 Nxd5 17. b5 Nb6 18. Qc2 Ne7 19. a4 Nbd5 20. Ba3 Kb8 21. a5 Rc8 22. a6 b6 23. Rac1 c5 24. bxc6 Rxc6 25. Qa4 Rhc8 26. Rxc6 Rxc6 27. Rc1 Qd7 28. Qb3 Rxc1 29. Nxc1 Nc8 30. Nd3 Nc7 31. Nec5 Qc6 32. Qxf7 bxc5 33. Qxg7 e4 34. Nxc5 exf3+ 35. Kf2 Nxa6 36.
Nxa6+ Qxa6 37. Qe5+ Ka8 38. Qe4+ Kb8 39. Qb4+ Ka8 40.
Kxf3 Qf1+ 41. Ke4 Qg2+ 42. Kd3 Qxg3 43. Qe4+ Kb8 44. Qf4+ Qxf4 45. exf4 h4 46. Ke3 Nb6 47. Kf3 Nd5 48. g6 Nf6 49. Be7 Ng8 50. Bxh4 a5 51.
f5 a4 52. f6 a3 53. f7 1-0

[Event "*** Titled Tuesday Blitz"]
[Site "Chess.com"]
[Date "2021.04.27"]
[Round "6"]
[White "Raud100"]
[Black "LubovMarkelova"]
[Result "1-0"]
[WhiteElo "2455"]
[BlackElo "2262"]
[TimeControl "180+1"]
[EndTime "11:07:26 PDT"]
[Termination "Raud100 won on time"]

1. d4 d5 2. c4 c6 3. Nf3 Nf6 4. Nc3 e6 5. Bg5 Nbd7 6. e3 h6 7. Bh4 Be7 8. Bd3 O-O 9. O-O dxc4 10. Bxc4 b5 11. Bd3 Bb7 12. a4 b4 13. Bxf6 Nxf6 14. Ne4 c5 15. Nxc5 Bxc5 16. dxc5 Bxf3 17. gxf3 Qd5 18.
Qc2 Rfd8 19. Rfd1 Qxf3 20. Be2 Qh3 21. Bf1 Qg4+ 22. Bg2 Rac8 23. c6 Rxd1+ 24. Rxd1 Nd5 25. Rc1 h5 26. Qc5 h4 27. h3 Qg5 28. e4 Rxc6 29. Qxc6 Nf4 30. e5 Ne2+ 31. Kf1 Qxc1+ 32. Qxc1 Nxc1 33.
Be4 Nb3 34. Ke2 Nc5 35. Bc6 Kf8 36. Ke3 Ke7 37. Kd4 Nb3+ 38. Kc4 Nd2+ 39. Kxb4 f6 40. exf6+ gxf6 41. Ka5 Kd6 42. Bb5 Ne4 43. f4 Nf2 44. Bf1 e5 45. fxe5+ fxe5 46. b4 e4 47. Ka6 e3 48.
Kxa7 Nxh3 49. b5 Nf4 50. b6 Nd5 51. b7 Ne7 52. Bb5 e2 53. b8=Q+ Ke6 54. Qb6+ Kf7 55. Qf2+ 1-0

[Event "*** Titled Tuesday Blitz"]
[Site "Chess.com"]
[Date "2021.04.27"]
[Round "6"]
[White "elextranjero00"]
[Black "German_Bazeev"]
[Result "1-0"]
[WhiteElo "2595"]
[BlackElo "2775"]
[TimeControl "180+1"]
[EndTime "11:07:27 PDT"]
[Termination "elextranjero00 won by resignation"]

1. e4 c6 2. Nf3 d5 3. d3 g6 4. Nbd2 Bg7 5. d4 dxe4 6. Nxe4 Nf6 7. Nxf6+ exf6 8. Bc4 O-O 9. O-O Nd7 10. h3 Nb6 11. Bb3 Re8 12. Re1 Rxe1+ 13. Qxe1 Bf5 14.
Qa5 Nd5 15. Qxd8+ Rxd8 16. c3 Re8 17. Bd2 Be4 18. Re1 Re6 19. Bd1 Nb6 20. Bc1 Bd5 21.
Rxe6 fxe6 22. b3 Kf7 23. Nd2 Bh6 24. c4 Bxd2 25. Bxd2 Be4 26. Bc3 Bb1 27. a4 Nd7 28. f3 g5 29. Kf2 h5 30. Ke3 h4 31. a5 Nf8 32. Bd2 Ng6 33. Kf2 Nf4 34. Bxf4 gxf4 35. b4 Bd3 36. Be2 Bc2 37. Ke1 e5 38. Kd2 Bf5 39. Kc3 Ke6 40. Bd3 Bxd3 41. Kxd3 Kf5 42. d5 cxd5 43. cxd5 Kg6 44. Ke4 Kf7 45. Kf5 Ke7 46. b5 a6 47. bxa6 bxa6 48. Kg6 Kd6 49. Kxf6 Kxd5 50. Kf5 Kd4 51. Kf6 e4 52. fxe4 Kxe4 53.
Kg5 f3 54. gxf3+ Kxf3 55. Kxh4 Kf4 56. Kh5 Kf5 57. h4 Kf6 58. Kg4 Kg6 59. Kf4 Kh5 60. Ke5 Kxh4 61. Kd6 Kg5 62. Kc6 Kf6 63. Kb6 Ke7 64.
Kxa6 Kd7 65. Kb7 1-0

[Event "*** Titled Tuesday Blitz"]
[Site "Chess.com"]
[Date "2021.04.27"]
[Round "6"]
[White "shaheus"]
[Black "KubaGepard"]
[Result "1-0"]
[WhiteElo "2180"]
[BlackElo "2393"]
[TimeControl "180+1"]
[EndTime "11:07:27 PDT"]
[Termination "shaheus won by resignation"]

1. e4 e5 2. Nf3 Nc6 3. Bc4 Bc5 4. c3 Nf6 5. d4 exd4 6. cxd4 Bb4+ 7. Nc3 Nxe4 8. O-O Bxc3 9. bxc3 d5 10. Qc2 O-O 11. Bd3 Bf5 12. Rb1 Na5 13. Ng5 Re8 14. f3 Nxg5 15.
Bxf5 g6 16. Bd3 b6 17. Bf4 Ne6 18. Bg3 c6 19. Rfe1 Nb7 20. Re2 Nd6 21. Rbe1 Qd7 22.
Qd2 Ng7 23. Be5 Re6 24. Qh6 f6 25. Bxf6 Rxf6 26. Re7 Nf7 27. Qxg7+ Kxg7 28. Rxd7 Kf8 29. Ree7 a5 30. Rb7 b5 31. h4 Re8 32. Rxe8+ Kxe8 33. a4 bxa4 34. Ra7 Re6 35. Kf2 Nd6 36. Rxa5 Nc4 37. Bxc4 dxc4 38. Rxa4 Kd7 39. Rxc4 Kd6 40. Rc5 Re8 41. h5 Ra8 42. hxg6 hxg6 43. Rg5 Ra3 44.
Rxg6+ Kd7 45. c4 Ra4 46. d5 cxd5 47. cxd5 Rd4 48. Rg5 Kd6 49. Ke3 Ra4 50. g4 Ra3+ 51. Kf4 Ra8 52. Ke4 Re8+ 53. Kd4 Re1 54. Rg6+ Kd7 55. f4 Ke7 56. Re6+ Rxe6 57. dxe6 Kxe6 58. Ke4 Kf6 59. g5+ Kg6 60. Ke5 Kf7 61. Kf5 Kg7 62.
g6 Kf8 63. Kf6 Kg8 64. g7 1-0

[Event "*** Titled Tuesday Blitz"]
[Site "Chess.com"]
[Date "2021.04.27"]
[Round "6"]
[White "Kislov_Oleg"]
[Black "Nikolaj_6"]
[Result "0-1"]
[WhiteElo "2490"]
[BlackElo "2652"]
[TimeControl "180+1"]
[EndTime "11:07:28 PDT"]
[Termination "Nikolaj_6 won on time"]

1. e4 c5 2. Nf3 d6 3. c3 Nf6 4.
Be2 Bd7 5. Qc2 Qc7 6. d4 cxd4 7. Nxd4 Nc6 8. Be3 g6 9. Na3 Bg7 10. O-O O-O 11. Rad1 a6 12. Nc4 b5 13. Nxc6 Bxc6 14. Nb6 Bxe4 15. Nxa8 Rxa8 16. Bd3 Bc6 17. f3 Qb7 18.
Qd2 a5 19. Bh6 Bh8 20. Rfe1 b4 21. c4 e6 22. b3 d5 23. Qe2 a4 24. Bc1 Bg7 25.
Bf4 axb3 26. axb3 Ra3 27. Bc2 Nd7 28. cxd5 Bxd5 29. Rxd5 Qxd5 30. Rd1 Ra1 31. Rxa1 Bxa1 32. Be3 Bd4 33. Be4 Qc5 34. Bxd4 Qxd4+ 35. Kf1 Nc5 36. Bc2 h5 37. g3 h4 38. Kg2 hxg3 39. hxg3 Qc3 40.
f4 Nxb3 41. Bxg6 Nd4 42. Qe4 fxg6 43. Qxg6+ Kf8 44. Qf6+ Ke8 45. g4 Qf3+ 46. Kh2 Qe2+ 47. Kh3 Qe3+ 48. Kh4 Ne2 49. Qh8+ Kd7 50. Qh7+ Kd6 51. f5 exf5 52. gxf5 Qf4+ 53. Kh5 Ng3+ 54. Kg6 Qxf5+ 0-1

[Event "*** Titled Tuesday Blitz"]
[Site "Chess.com"]
[Date "2021.04.27"]
[Round "6"]
[White "davidkalashian"]
[Black "KIEV-1"]
[Result "1-0"]
[WhiteElo "2572"]
[BlackElo "2237"]
[TimeControl "180+1"]
[EndTime "11:07:30 PDT"]
[Termination "davidkalashian won by resignation"]

1. e4 c5 2. Nc3 a6 3. Nf3 d6 4. d4 cxd4 5. Nxd4 Nf6 6. h3 g6 7. g4 Bg7 8. Bg2 Nfd7 9. O-O Nc6 10. Be3 h5 11. g5 Nde5 12. Nxc6 Nxc6 13. f4 O-O 14. Kh1 Qa5 15. Nd5 Bxb2 16. Rb1 Bg7 17.
f5 Be5 18. Nb6 Rb8 19. Nc4 Qxa2 20. fxg6 fxg6 21. Qd5+ e6 22. Rxf8+ Kxf8 23. Rf1+ Ke7 24. Rf7+ Kd8 25. Bb6+ Ke8 26. Nxd6+ Bxd6 27. Qxa2 Kxf7 28.
c4 Be5 29. Qd2 Ke7 30. Bc5+ Ke8 31. Bd6 Bxd6 32. Qxd6 Bd7 33. e5 Rc8 34. Be4 Ne7 35.
Bxb7 Rxc4 36. Qxa6 Rc1+ 37. Kg2 Nf5 38. Qa8+ Kf7 39.
Be4 Re1 40. Qb7 Ke8 41. Qb8+ Kf7 42. Qb7 Ke8 43. Bc6 Bxc6+ 44. Qxc6+ Kf7 45. Qb7+ Ne7 46. Qf3+ Nf5 47. Qa8 Ne7 48. Qh8 Re4 49. Qf6+ Ke8 50. Qxe6 Rf4 51. Qd6 Rf5 52. e6 Rxg5+ 53. Kh2 Rf5 54.
Qd7+ Kf8 55. Qd8+ Kg7 56. Qxe7+ Kh6 57. Qd8 1-0

[Event "*** Titled Tuesday Blitz"]
[Site "Chess.com"]
[Date "2021.04.27"]
[Round "6"]
[White "debashisdebs"]
[Black "attack2mateU"]
[Result "0-1"]
[WhiteElo "2901"]
[BlackElo "2743"]
[TimeControl "180+1"]
[EndTime "11:07:31 PDT"]
[Termination "attack2mateU won by checkmate"]

1. e4 c5 2. Nf3 d6 3. d4 cxd4 4. Nxd4 Nf6 5. Nc3 a6 6. f3 e5 7. Nb3 Be7 8. Be3 Be6 9. Qd2 h5 10. O-O-O Nbd7 11. Kb1 Rc8 12. h3 h4 13. f4 b5 14. Bd3 O-O 15. f5 Bc4 16. g4 hxg3 17. Rhg1 Nh5 18. Bxc4 bxc4 19. Nc1 Ndf6 20. N1e2 d5 21.
exd5 Bb4 22. Bg5 Qa5 23. Bxf6 Nxf6 24. Qg5 Rfd8 25. Rxg3 Kf8 26. a3 Bxc3 27. Nxc3 Ne8 28. h4 Rb8 29. Ka2 Qb6 30. Rb1 Qf6 31. Qg4 Nd6 32. Ne4 Nxe4 33. Qxe4 c3 34. bxc3 Rxb1 35. Kxb1 Rb8+ 36. Kc1 Qd6 37. c4 Qc5 38. Re3 f6 39.
Kd2 Rb1 40. Qd3 Rh1 41. d6 Ke8 42. Qd5 Rh2+ 43. Re2 Qxd5+ 44. cxd5 Rxh4 45. Kd3 Rd4+ 46. Kc3 Rxd5 47. Rg2 Kf7 48. Rd2 Rc5+ 49. Kb4 Rc8 50. c4 Rb8+ 51. Ka5 Ke8 52. c5 Kd7 53. Kxa6 Kc6 54.
d7 Ra8# 0-1

[Event "*** Titled Tuesday Blitz"]
[Site "Chess.com"]
[Date "2021.04.27"]
[Round "6"]
[White "MarcoRiehle"]
[Black "VerdeNotte"]
[Result "0-1"]
[WhiteElo "2710"]
[BlackElo "2895"]
[TimeControl "180+1"]
[EndTime "11:07:32 PDT"]
[Termination "VerdeNotte won on time"]

1. e4 e5 2. Nf3 Nc6 3. Bc4 Nf6 4. d4 exd4 5. O-O Nxe4 6. Nc3 Nxc3 7. bxc3 d5 8. Bd3 Be7 9. cxd4 Bg4 10. c3 O-O 11. Re1 Re8 12. Bf4 Qd7 13. Re3 Bd6 14.
Bxd6 Rxe3 15. fxe3 Bxf3 16. Qxf3 Qxd6 17. Rf1 Qe7 18. Qxd5 Qxe3+ 19. Kh1 Qe6 20. Qh5 g6 21. Qf3 Rd8 22. a4 Kg7 23. h3 Rd6 24. Be4 Qe7 25.
Rb1 Rf6 26. Qd3 Re6 27. Bxc6 bxc6 28. Qg3 Re3 29. Qf2 Rxc3 30. d5 cxd5 31. Qxa7 Qe3 32.
Qb8 Qe4 33. Kh2 Qxa4 34. Qb2 Qf4+ 35. Kh1 d4 36. Rg1 Qe4 37. Kh2 c5 38. Qb8 Rc2 39. Qd8 d3 40. Qg5 c4 41. Rf1 Qe6 42.
Qf4 h5 43. Qd4+ Kh7 44. Rf6 Qe7 45. Qf4 Kg7 46. Rc6 Re2 47. Rc7 Qe6 48. h4 d2 49.
Kg3 d1=Q 50. Re7 Qd3+ 51. Kh2 Qxe7 52. Qg3 Qxg3+ 53. Kh1 Qe4 0-1

[Event "*** Titled Tuesday Blitz"]
[Site "Chess.com"]
[Date "2021.04.27"]
[Round "6"]
[White "gmpeter008"]
[Black "OK97"]
[Result "1/2-1/2"]
[WhiteElo "2466"]
[BlackElo "2742"]
[TimeControl "180+1"]
[EndTime "11:07:32 PDT"]
[Termination "Game drawn by repetition"]

1. d4 g6 2. c4 Bg7 3. Nf3 d6 4. g3 Bd7 5. Bg2 Qc8 6. h4 Nf6 7. Nc3 Nc6 8. Bg5 h6 9. Bxf6 Bxf6 10. Qd2 h5 11. e3 a6 12. Nd5 Bg7 13. O-O O-O 14. b4 e6 15. Nf4 Ne7 16. a4 e5 17.
dxe5 dxe5 18. Nd5 Nxd5 19. cxd5 Bg4 20. Rac1 Qd7 21. e4 Rac8 22. Qa2 c6 23. Ng5 cxd5 24. exd5 Bh6 25. Ne4 Kg7 26. Rxc8 Rxc8 27. Qa1 Qxd5 28. Nc5 Qd4 29. Bxb7 Rb8 30. Qxd4 exd4 31. Bxa6 Rxb4 32.
Bb5 Bf3 33. Nd3 Rb3 34. Ne5 Bd5 35. Rd1 f6 36. Rxd4 Rb1+ 37. Bf1 Be6 38. Nf3 Bh3 39. Nh2 Ra1 40. a5 Bxf1 41. Nxf1 Rxa5 42. Rd7+ Kg8 43. Kg2 Re5 44. Rd6 Kf7 45. Rd7+ Ke6 46. Rd1 Kf7 47.
Kf3 Rf5+ 48. Kg2 Re5 49. Rd3 Re2 50. Kf3 Re1 51. Ne3 Bxe3 52. Rxe3 Ra1 53. Kg2 Ra4 54. Rf3 Rb4 55. Re3 Ra4 56. Rf3 Rb4 57. Re3 Ra4 1/2-1/2

[Event "*** Titled Tuesday Blitz"]
[Site "Chess.com"]
[Date "2021.04.27"]
[Round "6"]
[White "Sanan_Sjugirov"]
[Black "Nozdrachev_Leonid"]
[Result "1-0"]
[WhiteElo "2964"]
[BlackElo "2611"]
[TimeControl "180+1"]
[EndTime "11:07:32 PDT"]
[Termination "Sanan_Sjugirov won by resignation"]

1. e4 c6 2. d4 d5 3. exd5 cxd5 4. Bd3 Nc6 5. c3 Nf6 6. h3 g6 7. Nf3 Bf5 8. Bf4 Bg7 9. O-O Bxd3 10. Qxd3 O-O 11. Nbd2 Re8 12. Rfe1 Nd7 13. Bh2 e5 14. dxe5 Ndxe5 15. Nxe5 Nxe5 16. Bxe5 Rxe5 17. Rxe5 Bxe5 18. Nf3 Qd6 19. Rd1 Bf6 20. Qxd5 Qb6 21. Qb3 Qxb3 22.
axb3 Re8 23. Kf1 Re7 24. g4 h6 25. Rd5 Kg7 26. h4 Rc7 27. Ke2 a6 28. Kd3 Be7 29. h5 Bc5 30. Ke2 Re7+ 31. Re5 Rc7 32. b4 Ba7 33. hxg6 fxg6 34. Re6 Kf7 35. Re4 Kf6 36.
Rf4+ Kg7 37. Re4 Kf6 38. Nd2 h5 39. gxh5 gxh5 40. Kf3 Rd7 41. Rf4+ Kg6 42. Ne4 Rf7 43. Rxf7 Kxf7 44. Nd6+ Ke6 45. Nxb7 Kd5 46. Na5 Bb6 47. b3 Bd8 48. Nc4 Bf6 49. Ne3+ Kc6 50. c4 Bc3 51. Nd5 Be1 52. Ke2 Bxb4 53. Nxb4+ Kc5 54. Nxa6+ Kd4 55.
c5 Kd5 56. b4 Kc6 57. f4 1-0

[Event "*** Titled Tuesday Blitz"]
[Site "Chess.com"]
[Date "2021.04.27"]
[Round "6"]
[White "alexrustemov"]
[Black "ShahMatKanal"]
[Result "1-0"]
[WhiteElo "2602"]
[BlackElo "2423"]
[TimeControl "180+1"]
[EndTime "11:07:33 PDT"]
[Termination "alexrustemov won by checkmate"]

1. d4 d5 2. c4 e6 3. Nc3 Nf6 4. cxd5 exd5 5. Bg5 Nbd7 6. e3 c6 7. Bd3 h6 8. Bh4 Be7 9. Qc2 O-O 10. Nf3 Nh5 11. Bxe7 Qxe7 12. O-O-O Nhf6 13. Kb1 b5 14. Rc1 a5 15. h3 a4 16. g4 Ba6 17. Ne2 Ne4 18. Nf4 Rfc8 19. Qe2 Nb6 20. Ne5 Nc4 21. Bxe4 Nxe5 22. Bf5 Nd7 23. Qc2 b4 24. Bxd7 Qxd7 25.
Qf5 Qe7 26. Rc5 b3 27. a3 g6 28. Qe5 Qh4 29. Rh2 Re8 30. Qc7 Rac8 31. Qb6 Bb5 32. Rc1 Qf6 33. Qc5 g5 34. Nh5 Qg6+ 35. Ka1 f5 36. Ng3 f4 37. Nf5 Kh7 38. Nd6 Rcd8 39. Nxe8 Rxe8 40. exf4 gxf4 41. f3 Re3 42. Rf2 Qd3 43. h4 Rxf3 44. Qe7+ Kg8 45. Qe6+ Kg7 46. Qe5+ Kg8 47. Qe6+ Kg7 48. Qe7+ Kg8 49. Rxf3 Qxf3 50.
Qe6+ Kg7 51. Re1 Qf2 52. Qe7+ Kg8 53. Qe8+ Kg7 54. Re7+ Kf6 55. Qf7# 1-0

[Event "*** Titled Tuesday Blitz"]
[Site "Chess.com"]
[Date "2021.04.27"]
[Round "6"]
[White "chessajedrezz2020"]
[Black "Redbandit87"]
[Result "1-0"]
[WhiteElo "2679"]
[BlackElo "2379"]
[TimeControl "180+1"]
[EndTime "11:07:33 PDT"]
[Termination "chessajedrezz2020 won by resignation"]

1. Nf3 d5 2. d4 e6 3. c4 c6 4. g3 f5 5. Bg2 Nf6 6. O-O Bd6 7. b3 Qe7 8. a4 O-O 9. Ba3 Nbd7 10.
Qc1 b6 11. Qf4 Bxa3 12. Nxa3 Ba6 13. Rfc1 Rac8 14. Ne5 Nxe5 15. Qxe5 Nd7 16. Qe3 g5 17. cxd5 cxd5 18. Rxc8 Bxc8 19. Bxd5 Re8 20. Bg2 Qf6 21.
Nb5 e5 22. Nxa7 Ba6 23. Rd1 e4 24. f4 gxf4 25. gxf4 Ra8 26. Nb5 Bxb5 27. axb5 Ra5 28. Qc3 Qd6 29. Qc6 Qe7 30. Qd5+ Qf7 31. Qc6 Ra3 32. Kh1 Rxb3 33. Rg1 Kf8 34. Qd6+ Ke8 35.
Rc1 Qe7 36. Rc8+ Kf7 37. Qd5+ Qe6 38. Qxe6+ Kxe6 39. Rc6+ Kd5 40. Rc7 Rb1+ 41. Bf1 Rxf1+ 42. Kg2 Rxf4 43. Rxd7+ Kc4 44. d5 Kxb5 45. Rc7 Rg4+ 46. Kf2 Rg6 47. Ke3 Rd6 48. Kd4 f4 49. Rf7 f3 50. exf3 exf3 51. Rxf3 Ka4 52. Ke5 Rd8 53.
d6 b5 54. Ke6 b4 55. d7 Rb8 56. Ke7 b3 57. d8=Q Rxd8 58. Kxd8 b2 59. Rf1 Kb3 60. Ke7 Kc2 61. h4 b1=Q 62. Rxb1 Kxb1 63. h5 Kc2 64. h6 Kd3 65. Kf7 Ke4 66. Kg7 Ke5 67. Kxh7 Kf6 68. Kg8 Kg6 69. h7 Kf6 70. h8=Q+ Kf5 71. Qg7 1-0

[Event "*** Titled Tuesday Blitz"]
[Site "Chess.com"]
[Date "2021.04.27"]
[Round "6"]
[White "MuhittinBuker"]
[Black "Diaschess88"]
[Result "1-0"]
[WhiteElo "2218"]
[BlackElo "2540"]
[TimeControl "180+1"]
[EndTime "11:07:34 PDT"]
[Termination "MuhittinBuker won on time"]

1. d4 d5 2. c4 c6 3. Nc3 Nf6 4. Nf3 e6 5. Bg5 Nbd7 6. e3 Qa5 7. Bxf6 Nxf6 8. Bd3 Be7 9. O-O O-O 10. e4 dxe4 11.
Nxe4 b6 12. Qe2 Bb7 13. Nxf6+ Bxf6 14. Qe4 g6 15. a3 Rad8 16. b4 Qf5 17. Rfd1 Ba8 18.
Qe3 Qh5 19. c5 Rfe8 20. Be2 Qd5 21. Ne5 Rc8 22. Bf3 Qd8 23. g3 Qe7 24. h4 Red8 25.
Rac1 b5 26. Rc2 Rc7 27. Rcd2 Bb7 28. Bg2 Bg7 29. f4 f6 30. Nf3 Bc8 31. Bh3 Rd5 32. Re1 Kf7 33. Rde2 h6 34. Nd2 f5 35. Nb3 Bd7 36. Bg2 Rc8 37. Bxd5 cxd5 38. Kg2 Rg8 39. Kh2 Bf6 40. Kh1 g5 41. hxg5 hxg5 42. Rh2 Kf8 43. Na5 Qg7 44. c6 Bxd4 45. cxd7 Qxd7 46. Qxe6 Qxe6 47.
Rxe6 gxf4 48. Rhe2 Rxg3 49. Nc6 Be3 50. Rf6+ Kg7 51. Rxf5 d4 52. Nxd4 Bxd4 53. Rxf4 Bf6 54. Rg2 Rxg2 55. Kxg2 Kg6 56. Rf3 Kg5 57. Kf2 1-0

[Event "*** Titled Tuesday Blitz"]
[Site "Chess.com"]
[Date "2021.04.27"]
[Round "6"]
[White "chesslh19"]
[Black "lacafi"]
[Result "1-0"]
[WhiteElo "2264"]
[BlackElo "2160"]
[TimeControl "180+1"]
[EndTime "11:07:36 PDT"]
[Termination "chesslh19 won on time"]

1. e4 c6 2. d4 d5 3. Nd2 dxe4 4.
Nxe4 Nf6 5. Nxf6+ exf6 6. Bc4 Bd6 7. Qe2+ Qe7 8. Qxe7+ Bxe7 9. Bf4 O-O 10. O-O-O Nd7 11.
d5 cxd5 12. Bxd5 Nb6 13. Bb3 Bc5 14. Bd6 Bxd6 15. Rxd6 Bf5 16. Nf3 Bg4 17. Re1 Rfd8 18.
Rxd8+ Rxd8 19. Re7 Nd7 20. Rxf7 Nc5 21. Rxb7+ Nxb3+ 22. axb3 a6 23. Rb6 Re8 24. Kd2 Rd8+ 25. Ke2 Re8+ 26. Kf1 Rc8 27. c3 Ra8 28. Nd4 a5 29. h3 Bd7 30. Rd6 Be8 31. g4 Bf7 32. Nc6 Bxb3 33. Rd8+ Rxd8 34. Nxd8 Kf8 35. Nc6 a4 36.
Nd4 Bc4+ 37. Ke1 Ke7 38. Kd2 g6 39. Ke3 Kd6 40. f4 Bf7 41. Kd3 h5 42. Nf3 hxg4 43. hxg4 Be8 44. g5 fxg5 45. Nxg5 Bb5+ 46. Kd4 Bc6 47.
Ne4+ Ke6 48. Nc5+ Kf5 49. Ke3 Be8 50. Nd3 Bb5 51. Nc5 Be8 52. Ne4 Bd7 53. Nd6+ Ke6 54. Nc4 Kf5 55. Nb6 Bc6 56. Nc4 Bb5 57. Nd2 Bd7 58. c4 Be8 59. Nf3 Bc6 60. Nd4+ 1-0

[Event "*** Titled Tuesday Blitz"]
[Site "Chess.com"]
[Date "2021.04.27"]
[Round "6"]
[White "Gloomy_Wanderer"]
[Black "Andreikka"]
[Result "1/2-1/2"]
[WhiteElo "2734"]
[BlackElo "2880"]
[TimeControl "180+1"]
[EndTime "11:07:37 PDT"]
[Termination "Game drawn by agreement"]

1. d4 d5 2. c4 dxc4 3. Qa4+ Nc6 4.
Nf3 e5 5. dxe5 Be6 6. Ng5 Bb4+ 7.
Nc3 a6 8. Nxe6 fxe6 9. a3 b5 10.
Qc2 Nd4 11. Qe4 Ba5 12. Be3 c5 13. O-O-O Bb6 14. g3 Ne7 15. Bh3 Qb8 16. Bg5 Ra7 17. e3 Ndf5 18. Bxe7 Rxe7 19. Bxf5 exf5 20. Qxf5 Rxe5 21.
Qd7+ Kf8 22. Rd5 b4 23. Rxe5 Qxe5 24. Qc8+ Kf7 25. Qb7+ Qc7 26. Qd5+ Kf8 27. Ne4 bxa3 28. Ng5 Qe7 29. Ne6+ Kf7 30. Nd4+ Ke8 31. Nf5 Qd7 32. Qe5+ Kf8 33. bxa3 Bc7 34. Qxc5+ Kf7 35. Rd1 Qc8 36.
Qxc4+ Kf6 37. Nd4 Be5 38. Qxc8 Rxc8+ 39. Kd2 Rc4 40. Kd3 Ra4 41. Nc2 g5 42. h3 h5 43.
Rb1 Bd6 44. Rb6 Ke7 45. Rb3 g4 46. hxg4 hxg4 47. e4 Kf6 48. Ne3 Kg5 49. Nc4 Bc5 50. e5 Bxf2 51. e6 Kf6 52. Rb8 Bxg3 53. Rg8 Kxe6 54. Rxg4 Bc7 55. Re4+ 1/2-1/2

[Event "*** Titled Tuesday Blitz"]
[Site "Chess.com"]
[Date "2021.04.27"]
[Round "6"]
[White "Leonid_Starozhilov"]
[Black "guillembaches"]
[Result "1-0"]
[WhiteElo "2673"]
[BlackElo "2505"]
[TimeControl "180+1"]
[EndTime "11:07:38 PDT"]
[Termination "Leonid_Starozhilov won on time"]

1. e4 c5 2. Nf3 d6 3. Bb5+ Bd7 4. Bd3 Nf6 5. c3 Bc6 6. Qe2 e5 7. O-O Be7 8. Bc2 O-O 9. d3 Nbd7 10. Nbd2 Re8 11.
Re1 Bf8 12. Nf1 d5 13. Ng3 d4 14. Bb3 h6 15. Nf5 b5 16. c4 a5 17. a4 bxc4 18. Bxc4 Nb6 19. b3 Nxc4 20. bxc4 Rb8 21. Qc2 Nd7 22. Bd2 Qc7 23. h3 Rb7 24. Reb1 Reb8 25. Rb5 Bxb5 26. axb5 Ra8 27. Nh2 Rba7 28. Qd1 Qb6 29. h4 a4 30. Ra3 Kh7 31. h5 g6 32.
Ng3 Bg7 33. Ng4 Nf8 34. Qc1 g5 35. Nf5 Ne6 36. g3 Bf8 37. Qd1 Ng7 38. Kg2 Nxf5 39. exf5 f6 40. f3 Kg7 41. Nf2 Bd6 42. Ne4 Bc7 43.
Kh3 Qb7 44. Kg4 Qc8 45. Nxc5 Bd6 46. Ne6+ Kf7 47. Ra2 a3 48. Qb3 Ra4 49. c5 Bxc5 50. Nxc5+ Kg7 51. Nxa4 e4 52. fxe4 Qc7 53. Qxa3 Qf7 54.
b6 Qb7 55. Qb4 Qe7 56. Qxe7+ 1-0